 Dungeon Crawl Stone Soup version 0.21-a0-591-g2314aa1 (webtiles) character file.

28 tidbits the Caller (level 2, 0/11 HPs)
             Began as a Felid Summoner on Dec 22, 2017.
             Slain by a leopard gecko (3 damage)
             ... on level 3 of the Dungeon on Dec 23, 2017.
             The game lasted 00:08:44 (767 turns).

tidbits the Caller (Felid Summoner)                  Turns: 767, Time: 00:08:44

Health: 0/11       AC:  1    Str:  1 (4)  XL:     2   Next: 96%
Magic:  4/6        EV: 18    Int: 15 (18) God:
Gold:   97         SH:  0    Dex: 15 (16) Spells: 4/5 levels left
                                        Lives:  0   Deaths: 0

rFire    . . .     SeeInvis +     - Unarmed
rCold    . . .     Gourm    .   (shield unavailable)
rNeg     . . .     Faith    .   (armour unavailable)
rPois    .         Spirit   .   (helmet unavailable)
rElec    .         Reflect  .   (cloak unavailable)
rCorr    .         Harm     .   (gloves unavailable)
MR       .....                  (boots unavailable)
Stlth    +++.......             (no amulet)
HPRegen  0.03/turn              (no ring)
MPRegen  0.10/turn              (no ring)

@: very slightly contaminated, quick
A: very small, no armour, no weapons or thrown items, stealth, claws 1, fangs 3,
horns 1, see invisible, blink, carnivore, clever 1, speed 1, shaggy fur 1, slow
metabolism 1, wild magic 1, sharp paws
a: Blink


You were on level 3 of the Dungeon.
You were not hungry.

You visited 1 branch of the dungeon, and saw 3 of its levels.

You collected 97 gold pieces.

Inventory:

Scrolls
 d - a scroll of identify {unknown}
 e - a scroll of random uselessness {unknown}
 f - a scroll of fog {unknown}
 h - a scroll of teleportation {unknown}
Potions
 c - a potion of mutation {!q}
 g - a potion of brilliance {unknown}
Books
 a - a book of Callings

   Spells                             Type                      Level
   a - Summon Small Mammal            Summoning                    1
   b - Call Imp                       Summoning                    2
   c - Call Canine Familiar           Summoning                    3
   d - Summon Guardian Golem          Hexes/Summoning              3
   e - Summon Lightning Spire         Summoning/Air                4
   f - Summon Ice Beast               Ice/Summoning                4
Comestibles
 b - 2 rations


   Skills:
 - Level 2.6 Dodging
 - Level 2.6 Stealth
 + Level 2.6 Unarmed Combat
 - Level 2.0 Spellcasting
 - Level 4.0 Summonings


You had 4 spell levels left.
You knew the following spells:

 Your Spells              Type           Power        Failure   Level  Hunger
a - Summon Small Mammal   Summ           ###.         7%          1    #......


Dungeon Overview and Level Annotations

Branches:
Dungeon (3/15)

Altars:
Qazlal


Innate Abilities, Weirdness & Mutations

You cannot wear armour.
You are incapable of wielding weapons or throwing items.
Your paws allow you to move quietly. (Stealth)
You have sharp claws.
You have razor-sharp teeth.
You have supernaturally acute eyesight. (SInv)
You are carnivorous and can eat meat at any time.
You cover ground quickly.
You are covered in fur. (AC +1)
You have a slow metabolism.
Your sharp claws are effective at attacking unaware monsters.
You have a pair of small horns on your head.
You can translocate small distances at will.
Your mind is acute. (Int +2)
Your spells are a little harder to cast, but a little more powerful.


Message History

You scratch the orc.
The orc is severely wounded.
Your rat bites the orc.
The orc dies!
The kobold moves out of view.
You see here a ring mail.
You pounce on the unaware helpless bat!
You claw the bat!
You kill the bat!
You see here a scroll labeled JUC ZAIPUECH.
You see here a scroll labeled JUC ZAIPUECH.
d - a scroll labeled JUC ZAIPUECH What are your orders? t - Meow!
Orders for allies: a - Attack new target. r - Retreat! s - Stop attacking. g - Guard the area. f - Follow me.
Anything else - Cancel.
Gang up on whom?
Press: ? - help, Dir - move target cursor, f - kobold
Aim: a kobold, wielding an enchanted short sword Attack!
Your rat disappears in a puff of smoke!
Your quokka misses the kobold.
Casting: Summon Small Mammal
Confirm with . or Enter, or press ? or * to list all spells.
The kobold hits your quokka with an enchanted short sword.
Your quokka dies!
Your quokka's corpse disappears in a puff of smoke!
Your bat hits the kobold but does no damage.
Your bat misses the kobold.
Your bat hits the kobold but does no damage.
Your bat hits the kobold but does no damage.
Your bat hits the kobold but does no damage.
Your bat barely misses the kobold.
Your bat closely misses the kobold.
Your bat hits the kobold but does no damage.
Your bat hits the kobold.
Your bat barely misses the kobold.
Your bat closely misses the kobold.
Casting: Summon Small Mammal
Confirm with . or Enter, or press ? or * to list all spells.
Your bat closely misses the kobold.
Your bat hits the kobold. Your bat hits the kobold.
The kobold dies!
Things that are here:
an enchanted short sword; a kobold corpse
Found 18 gold pieces.
You now have 97 gold pieces (gained 18).
Your bat disappears in a puff of smoke!
Found a sedimented orange potion.
A rat comes into view.
You see here a sedimented orange potion.
g - a sedimented orange potion
Casting: Summon Small Mammal
Confirm with . or Enter, or press ? or * to list all spells.
You miscast Summon Small Mammal.
You are very lightly contaminated with residual magic.
Nothing appears to happen.
Casting: Summon Small Mammal
Confirm with . or Enter, or press ? or * to list all spells.
The rat barely misses you.
You barely miss the rat.
Your bat barely misses the rat.
The rat misses you.
Your bat hits the rat but does no damage.
Your quokka barely misses the rat.
You scratch the rat but do no damage.
Your bat barely misses the rat.
The rat bites you.
* * * LOW HITPOINT WARNING * * *
Your quokka bites the rat but does no damage.
You scratch the rat.
The rat is moderately wounded.
The rat completely misses you.
Your quokka barely misses the rat.
Your bat hits the rat. You scratch the rat but do no damage.
The rat is severely wounded.
Your bat completely misses the rat.
Your quokka closely misses the rat.
The rat completely misses you.
You barely miss the rat.
The rat is severely wounded.
Your bat closely misses the rat.
Your quokka bites the rat.
The rat dies!
Okay, then.
Your quokka disappears in a puff of smoke!
Found an escape hatch in the floor.
Found a scroll labeled DIUTHR OZUT ECK.
A leopard gecko comes into view.
You see here a scroll labeled DIUTHR OZUT ECK.
h - a scroll labeled DIUTHR OZUT ECK Your bat hits the leopard gecko.
The leopard gecko hisses angrily.
The leopard gecko closely misses you.
You barely miss the leopard gecko. Your bite misses the leopard gecko.
The leopard gecko is moderately wounded.
Your bat misses the leopard gecko.
Your bat closely misses the leopard gecko.
The leopard gecko hisses menacingly.
The leopard gecko completely misses you.
Casting: Summon Small Mammal
Confirm with . or Enter, or press ? or * to list all spells.
Your bat closely misses the leopard gecko.
The leopard gecko bites you.
You die...

#########.#
#...##.#......#.####
.# ###.##.#.#...##
.# ###.>....#...# .
.......#.....#
#....#.###.#
#.#.......#
#b#.#.##### #l#.#.#
#@#.#.# #r..#.#
#####.# ..# ##


You could see a leopard gecko, a friendly quokka and a friendly bat.

Vanquished Creatures
  A ball python (D:1)
  A giant cockroach (D:1)
  3 hobgoblins
  2 bats
  2 frilled lizards (D:1)
  3 goblins
  3 kobolds
  A rat (D:3)
16 creatures vanquished.

Vanquished Creatures (collateral kills)
  A leopard gecko (D:1)
  2 orcs
  2 goblins (D:1)
  3 kobolds
  3 frilled lizards
  A rat (D:3)
12 creatures vanquished.

Grand Total: 28 creatures vanquished

Notes
Turn   | Place    | Note
-------+----------+-------------------------------------------
     0 | D:1      | tidbits the Felid Summoner began the quest for the Orb.
     0 | D:1      | Reached XP level 1. HP: 7/7 MP: 4/4
    69 | D:1      | Reached skill level 1 in Unarmed Combat
   167 | D:1      | Reached XP level 2. HP: 4/11 MP: 4/6
   185 | D:1      | Reached skill level 2 in Unarmed Combat
   260 | D:2      | Found a stormy altar of Qazlal.
   486 | D:2      | Gained mutation: You have a pair of small horns on your head. [potion of mutation]
   486 | D:2      | Gained mutation: Your spells are a little harder to cast, but a little more powerful. [potion of mutation]
   486 | D:2      | Gained mutation: You can translocate small distances at will. [potion of mutation]
   486 | D:2      | Gained mutation: Your mind is acute. (Int +2) [potion of mutation]
   767 | D:3      | Slain by a leopard gecko

Vault maps used:
D:1:      tarquinn_simple_flora_water_a
D:2:      grunt_qazlal_clouds, lemuel_round_altar, nicolae_gozag_seed_capital
D:3:      uniq_sigmund

Skill      XL: |  1  2 |
---------------+-------+-----
Unarmed Combat | 1 2 |  2.6
Dodging        | |  2.6
Stealth        | |  2.6
Spellcasting   | |  2.0
Summonings     | |  4.0

Action                   || total
-------------------------++-------
Melee: Unarmed           ||    41
       Bite              ||     3
 Cast: Summon Small Mamm ||    32
  Use: Potion            ||     2
 Stab: Sleeping          ||     6
Dodge: Dodged            ||    29

Table legend:
 A = Spawn XP
 B = Non-spawn XP
 C = Spawn XP percentage of total XP
 D = Spawn monster count
 E = Non-spawn monster count
 F = Spawn count percentage of total count
 G = Total turns spent on level
                    A         B        C        D         E        F      G
               +---------+---------+-------+---------+---------+-------+---------
         Total |       0 |      40 |   0.0 |       0 |      28 |   0.0 |   767
               +---------+---------+-------+---------+---------+-------+---------
           D:1 |       0 |      22 |   0.0 |       0 |      15 |   0.0 |   379
           D:2 |       0 |      10 |   0.0 |       0 |       7 |   0.0 |   268
           D:3 |       0 |       8 |   0.0 |       0 |       6 |   0.0 |   120
               +---------+---------+-------+---------+---------+-------+---------

Table legend:
 A = Turns spent in this place as a percentage of turns spent in the entire game.
 B = Non-inter-level travel turns spent in this place as a percentage of non-inter-level travel turns spent in the entire game.
 C = Inter-level travel turns spent in this place as a percentage of turns spent in this place.
 D = Turns resting spent in this place as a percentage of non-inter-level travel turns spent in this place.
 E = Turns spent auto-exploring this place as a percentage of non-inter-level travel turns spent in this place.
 F = Non-inter-level travel turns spent in this place divided by the number of levels of this place that you've seen.
                   A       B       C       D       E      F
               +-------+-------+-------+-------+-------+----------------------
         Total | 100.0 | 100.0 |   0.0 |   0.0 |   0.0 | 255.7
       Dungeon | 100.0 | 100.0 |   0.0 |   0.0 |   0.0 | 255.7
               +-------+-------+-------+-------+-------+----------------------

Table legend:
 A = Kills in this place as a percentage of kills in entire the game.
 B = Kills by you in this place as a percentage of kills by you in the entire game.
 C = Kills by friends in this place as a percentage of kills by friends in the entire game.
 D = Other kills in this place as a percentage of other kills in the entire game.
 E = Experience gained in this place as a percentage of experience gained in the entire game.
 F = Experience gained in this place divided by the number of levels of this place that you have seen.
                   A       B       C       D       E      F
               +-------+-------+-------+-------+-------+----------------------
         Total | 100.0 | 100.0 | 100.0 |   N/A | 100.0 |  13.3
       Dungeon | 100.0 | 100.0 | 100.0 |   N/A | 100.0 |  13.3
               +-------+-------+-------+-------+-------+----------------------

Vault maps used:
D:1:      tarquinn_simple_flora_water_a
D:2:      grunt_qazlal_clouds, lemuel_round_altar, nicolae_gozag_seed_capital
D:3:      uniq_sigmund
